 Dungeon Crawl Stone Soup version 0.26-a0-720-g2a1d101370 (webtiles) character file.

Game seed: 12380460228038167739

135 2tc the Changer (level 4, -1/42 HPs)
             Began as a Draconian Transmuter on Nov 3, 2020.
             Slain by an orc (5 damage)
             ... on level 3 of the Dungeon.
             The game lasted 00:10:24 (2062 turns).

2tc the Changer (Draconian Transmuter)              Turns: 2062, Time: 00:10:25

Health: -1/42      AC:  9    Str: 11 (12) XL:     4   Next: 97%
Magic:  7/7        EV: 12    Int: 11 (14) God:
Gold:   209        SH:  0    Dex: 11 (12) Spells: 2/8 levels left

rFire    . . .     SeeInvis .     - Unarmed
rCold    . . .     Faith    .   (no shield)
rNeg     . . .     Spirit   .   (armour unavailable)
rPois    .         Reflect  .   (helmet restricted)
rElec    .         Harm     .   (no cloak)
rCorr    .         Rampage  .   (no gloves)
MR       .....                  (no boots)
Stlth    +.........             (no amulet)
HPRegen  0.14/turn              h - +4 ring of protection
MPRegen  0.10/turn              (no ring)

@: wereblooded (expiring), stab, hasted, very quick
A: unfitting armour, robust 2, cold-blooded, AC +5
a: no special abilities


You were on level 3 of the Dungeon.
You visited 1 branch of the dungeon, and saw 3 of its levels.

You collected 209 gold pieces.

Inventory:

Missiles
 d - 5 boomerangs (quivered)
Jewellery
 h - a +4 ring of protection (left hand)
Potions
 b - a potion of resistance
 c - a potion of stabbing
 j - a potion of curing {unknown}
 k - a potion of lignification {unknown}


   Skills:
 - Level 1.1 Fighting
 - Level 1.7 Dodging
 - Level 3.7 Unarmed Combat
 - Level 2.5 Spellcasting
 - Level 4.0 Transmutations
 + Level 1.4 Poison Magic


You had 2 spell levels left.
You knew the following spells:

 Your Spells              Type           Power        Failure   Level
a - Beastly Appendage     Tmut           ##....       5%          1
b - Wereblood             Tmut           ##......     9%          2
c - Spider Form           Tmut/Pois      #.........   26%         3

Your spell library contained the following spells:

 Spells                   Type           Power        Failure   Level
 Ice Form                 Ice/Tmut       #.......     77%         4
 Blade Hands              Tmut           ##........   83%         5


Dungeon Overview and Level Annotations

Branches:
Dungeon (3/15)

Altars:
Zin


Innate Abilities, Weirdness & Mutations

Your plain brown scales are hard. (AC +5)
You cannot fit into any form of body armour.
You are cold-blooded and may be slowed by cold attacks.
You are very robust. (+20% HP)


Message History

You punch the hobgoblin!
You kill the hobgoblin!
The goblin barely misses you.
The goblin hits you with a +1 dagger of freezing.
* * * LOW HITPOINT WARNING * * *
You feel yourself slow down. The goblin freezes you.
* * * LOW HITPOINT WARNING * * *
It was a potion of magic.
Magic courses through your body.
Your primal bloodlust is almost over.
The orc hits you but does no damage.
The goblin hits you but does no damage. x2
It was a potion of degeneration.
There was something very wrong with that liquid.
You feel weakened.
You feel dopey.
You feel clumsy.
You feel yourself speed up. The orc hits you but does no damage.
The goblin hits you but does no damage. x2
It was a potion of mutation.
You feel extremely strange.
You feel robust. x2
You howl as the wereblood boils in your veins!
The orc hits you.
You die...

# ######## ........
####### ........ .......
........ ..[....
.#..###. ..... #. ##>
#####.)########.##.###..
..$...)@gg......##.##..#
######og###.#..###.##.##
.........##.# .......>##
###....#....# ####.#...#
#.##......# #.##.## ...
###..#.# #....# ...
##...## #..### ..
##...### #.##
#.....###.#


You could see an orc and 3 goblins.

Vanquished Creatures
  An orc priest (D:3)
  Robin (D:3)
  An adder (D:2)
  An ooze (D:1)
  3 worms
  2 dart slugs (D:1)
  5 leopard geckos
  An orc (D:3)
  3 giant cockroaches
  7 goblins
  8 hobgoblins
  6 jackals
  2 quokkas
  5 bats
  7 frilled lizards
  7 kobolds
  6 rats
66 creatures vanquished.

Vanquished Creatures (others)
  5 plants (D:1)
5 creatures vanquished.

Grand Total: 71 creatures vanquished

Notes
Turn   | Place    | Note
-------+----------+-------------------------------------------
     0 | D:1      | 2tc the Draconian Transmuter began the quest for the Orb.
     0 | D:1      | Reached XP level 1. HP: 16/16 MP: 3/3
    48 | D:1      | Reached XP level 2. HP: 23/23 MP: 3/5
   153 | D:1      | Reached skill level 3 in Transmutations
   159 | D:1      | Learned a level 2 spell: Wereblood
   404 | D:1      | Reached XP level 3. HP: 28/28 MP: 6/6
   863 | D:2      | Learned a level 3 spell: Spider Form
  1564 | D:2      | Reached XP level 4. HP: 35/35 MP: 5/7
  1959 | D:3      | Found a glowing silver altar of Zin.
  2028 | D:3      | Noticed Robin
  2048 | D:3      | Killed Robin
  2048 | D:3      | Reached skill level 4 in Transmutations
  2055 | D:3      | Reached skill level 1 in Poison Magic
  2062 | D:3      | Gained mutation: You are robust. (+10% HP) [potion of
                  | mutation]
  2062 | D:3      | Gained mutation: You are very robust. (+20% HP) [potion of
                  | mutation]
  2062 | D:3      | Slain by an orc

Illustrated notes

Levels and vault maps discovered:
D:1:      matt_arrival_grand_opening, layout_rooms, chequers_arboretum,
          st_stairs_6, minmay_lizard_king
D:2:      layout_loops_corners
D:3:      layout_rooms, zin_academy, uniq_robin

Skill      XL: |  1  2  3  4 |
---------------+-------------+-----
Transmutations | 3 4 |  4.0
Poison Magic   | 1 |  1.4
Fighting       | |  1.1
Dodging        | |  1.7
Unarmed Combat | |  3.7
Spellcasting   | |  2.5

Action                   |  1- 3 |  4- 6 || total
-------------------------+-------+-------++-------
Melee: Unarmed           |   117 |    60 ||   177
       Headbutt          |    11 |     3 ||    14
       Kick              |    17 |     6 ||    23
       Tailslap          |    13 |     2 ||    15
       Punch             |       |     1 ||     1
 Cast: Beastly Appendage |    17 |     6 ||    23
       Wereblood         |     1 |     2 ||     3
  Use: Scroll            |     6 |     2 ||     8
       Potion            |       |     5 ||     5
 Stab: Sleeping          |     1 |       ||     1
Armor: Skin              |    32 |    33 ||    65
Dodge: Dodged            |    70 |    62 ||   132

Table legend: (Time is in decaauts)
 A = Elapsed time spent in this place.
 B = Non-inter-level travel time spent in this place.
 C = Inter-level travel time spent in this place.
 D = Time resting spent in this place.
 E = Time spent auto-exploring this place.
 F = Levels seen in this place.
 G = Mean time per level.
                   A        B        C        D        E       F      G
               +--------+--------+--------+--------+--------+-----+--------+
         Total |   2045 |   1996 |     49 |    272 |   1317 |   3 |  681.7 |
       Dungeon |   2045 |   1996 |     49 |    272 |   1317 |   3 |  681.7 |
               +--------+--------+--------+--------+--------+-----+--------+

Top non-repeatable levels by time:
     D:2: 973 daAuts
     D:1: 853 daAuts
     D:3: 218 daAuts
